Diables vs Ice Dragons
Created - November 14, 2017 at 19:30
Goals
|
Diables |
4 |
1 |
1 |
0 |
6 |
Ice Dragons |
2 |
3 |
1 |
1 |
7 |
|
Shots
|
Diables |
19 |
10 |
5 |
4 |
38 |
Ice Dragons |
9 |
5 |
3 |
3 |
20 |
|
1st period
1. Diables , Tyler Bozak 11 (Ben Hanowski 4, Marc-André Bourdon 1) at 3:11
2. Diables , Ben Hanowski 3 (Tyler Bozak 9, Jamie Oleksiak 2) at 4:30
3. Ice Dragons , Curtis Glencross 9 (Joe Callahan 6) at 9:31
4. Ice Dragons , Michael Latta 5 (Curtis Glencross 11) at 13:05
5. Diables , Alexandre Burrows 5 (Craig Smith 14, Benn Ferriero 5) at 16:47
6. Diables , Brandon Prust 12 (Tyler Bozak 10) at 19:39 (PP)
Penalties :
Michael Latta (Kin) for Interference (Minor) at 19:38
2nd period
7. Diables , Ben Hanowski 4 (Tyler Bozak 11, Brandon Prust 17) at 1:09
8. Ice Dragons , Curtis Glencross 10 (Troy Brouwer 6, Michael Latta 14) at 3:53
9. Ice Dragons , Troy Brouwer 11 (Ian Cole 6, Curtis Glencross 12) at 4:09
10. Ice Dragons , Michael Latta 6 (Curtis Glencross 13, Troy Brouwer 7) at 14:20 (PP)
Penalties :
Mark Fraser (Alm) for High sticking (Minor) at 4:12, Jamie Oleksiak (Alm) for Tripping (Minor) at 6:25, Brandon Prust (Alm) for Interference (Minor) at 14:03, Tyler Haskins (Kin) for Slashing (Double Minor) at 14:47, Brandon Kozun (Kin) for Roughing (Minor) at 19:40
3rd period
11. Ice Dragons , Michael Chaput 5 (Kevin Connauton 5, Michael Stone 4) at 1:20 (SH)
12. Diables , Craig Smith 5 (Alexandre Burrows 6, Pavel Valentenko 3) at 1:35 (PP)
Penalties :
Tyler Bozak (Alm) for Holding (Minor) at 7:41, Justin Faulk (Kin) for Holding Stick (Minor) at 12:39
Overtime #1
13. Ice Dragons , Michael Latta 7 (Logan MacMillan 4) at 2:19
Penalties :
No Penalty
Goalie Stats
Eddie Lack (Alm), 13 saves from 20 shots - (0.650), OTL, 0-1-3, 62:19 minutes
Anders Nilsson (Kin), 15 saves from 19 shots - (0.789), 19:39 minutes
Harru Sateri (Kin), 17 saves from 19 shots - (0.895), W, 1-0-0, 42:40 minutes
Players Stats for Diables
Player Name G A P +/- PIM S H SB GA TA FO MP PP MP PK MP
------------------------------------------------------------------------------------
Alexandre Burrows 1 1 2 -1 0 3 1 0 1 0 0/0 18:09 3:03 2:37
Andrew O'Brien 0 0 0 0 0 0 0 0 0 0 0/0 1:52 0:00 0:00
Ben Hanowski 2 1 3 0 0 7 0 0 0 0 0/0 19:40 4:32 0:00
Benn Ferriero 0 1 1 -1 0 1 0 0 0 0 1/2 14:55 3:03 0:00
Borna Rendulic 0 0 0 0 0 0 0 0 0 0 0/2 2:12 0:00 2:05
Brandon Prust 1 1 2 0 2 3 2 0 2 1 4/7 23:53 4:32 2:51
Brian Dumoulin 0 0 0 -3 0 0 0 0 0 1 0/0 10:29 0:00 1:02
Craig Smith 1 1 2 -1 0 6 2 0 0 0 10/16 17:37 3:03 2:00
Daniel Zaar 0 0 0 0 0 0 0 0 0 0 0/0 6:53 0:00 0:00
Hampus Lindholm 0 0 0 1 0 2 1 2 0 0 0/0 19:12 2:46 2:50
Jamie Oleksiak 0 1 1 -2 2 2 1 0 0 0 0/0 10:03 0:00 0:25
Jon Merrill 0 0 0 -2 0 1 1 1 0 0 0/0 25:13 5:08 3:24
Jordan Szwarz 0 0 0 0 0 2 0 0 0 0 0/0 11:40 0:09 0:00
Keith Seabrook 0 0 0 2 0 0 1 0 0 0 0/0 6:35 0:00 0:00
Kyle Chipchura 0 0 0 0 0 0 0 0 0 0 0/0 6:53 0:00 0:00
Louis Leblanc 0 0 0 -1 0 0 0 0 0 0 0/0 1:14 0:22 0:01
Marc-André Bourdon 0 1 1 2 0 0 0 0 0 0 0/0 6:35 0:00 0:00
Mark Fraser 0 0 0 -3 2 1 5 4 1 3 0/0 25:46 5:08 2:13
Matt Lindblad 0 0 0 0 0 0 0 0 0 0 0/0 0:00 0:00 0:00
Pavel Valentenko 0 1 1 1 0 1 2 0 0 2 0/0 18:56 2:46 2:34
Pierre-Cédric Labrie 0 0 0 0 0 0 1 0 0 0 0/0 11:23 0:00 0:00
Stefan Matteau 0 0 0 -1 0 0 0 0 0 0 0/0 0:40 0:17 0:00
Taylor Beck 0 0 0 0 0 2 0 0 0 0 0/0 8:13 0:09 0:43
Tim Schaller 0 0 0 0 0 2 4 0 0 0 0/6 11:23 0:00 0:00
Tyler Bozak 1 3 4 0 2 5 1 0 1 2 11/29 23:32 4:32 2:11
Players Stats for Ice Dragons
Player Name G A P +/- PIM S H SB GA TA FO MP PP MP PK MP
------------------------------------------------------------------------------------
Andrej Nestrasil 0 0 0 -1 0 0 2 0 0 0 4/7 14:10 0:35 0:00
Brandon Kozun 0 0 0 -1 2 1 2 0 0 0 1/1 14:00 0:04 0:00
Curtis Glencross 2 3 5 3 0 5 3 0 1 0 2/10 27:04 3:04 4:27
Ian Cole 0 1 1 4 0 0 1 2 2 0 0/0 26:41 3:18 4:24
Joe Callahan 0 1 1 4 0 1 1 2 1 1 0/0 29:14 3:18 4:24
Justin Faulk 0 0 0 -2 2 1 0 0 2 1 0/0 16:40 2:56 0:06
Kevin Connauton 0 1 1 -1 0 1 0 1 0 1 0/0 20:01 2:56 3:24
Logan MacMillan 0 1 1 -1 0 0 0 1 0 0 0/0 14:04 0:18 0:00
Michael Chaput 1 0 1 1 0 1 0 1 1 0 3/5 8:54 0:00 1:30
Michael Ferland 0 0 0 1 0 0 0 0 0 0 0/0 8:03 0:00 1:27
Michael Latta 3 1 4 4 2 5 2 0 0 0 20/32 19:41 3:07 2:03
Michael Stone 0 1 1 0 0 0 0 1 1 1 0/0 19:14 0:00 3:24
Petr Vrana 0 0 0 -1 0 1 1 2 1 1 0/0 17:33 2:49 1:57
Ryan Reaves 0 0 0 -2 0 1 1 1 0 0 0/0 15:08 2:49 0:00
Sam Carrick 0 0 0 0 0 0 0 0 0 0 0/0 0:00 0:00 0:00
Samuel Groulx 0 0 0 -1 0 0 0 1 0 0 0/0 12:49 0:00 0:06
Troy Brouwer 1 2 3 3 0 3 3 1 0 0 1/2 22:44 3:07 4:24
Tyler Haskins 0 0 0 -2 4 0 2 1 0 0 5/5 15:18 2:49 0:00
3 Stars
1 - Curtis Glencross (Kin)
2 - Michael Latta (Kin)
3 - Troy Brouwer (Kin)
Power Play
Diables - 2 on 5 Attempt(s) - 40.00%
Ice Dragons - 1 on 4 Attempt(s) - 25.00%
Penalty Kill
Diables - 3 on 4 Attempt(s) - 75.00%
- Score 0 goal in Penalty Kill
Ice Dragons - 3 on 5 Attempt(s) - 60.00%
- Score 1 goal in Penalty Kill
Team Stat
Diables - Hits : 22 - Faceoff Wins : 26 - Blocked Shots : 7 - Penalty Minutes : 8
Ice Dragons - Hits : 18 - Faceoff Wins : 36 - Blocked Shots : 14 - Penalty Minutes : 10
Official
Referees : Peel Tim and L'Ecuyer Frederick
Linesman : Scott Driscoll and Pierre Champoux
Game Notes
Harru Sateri enters game at 19:39 of 1st period
Jon Merrill is injured at 19:27 of 3rd period (Bruised Right Shoulder)
Michael Latta has scored a Hat Trick!
Finance
Level 1 -- Attendance: 1554 (77.70%) -- Ticket Income $62,160
Level 2 -- Attendance: 669 (66.90%) -- Ticket Income $13,380
Total Attendance: 2223 (74.10%)
Total Ticket Income: $75,540
Other Income: $3,777
Total Income: $79,317
Diables
5 vs 5 Forward
Center Left Wing Right Wing Time % Phy DF OF
1 Tyler Bozak Brandon Prust Ben Hanowski 40 1 2 2
2 Craig Smith Alexandre Burrows Benn Ferriero 30 1 2 2
3 Tim Schaller Pierre-Cédric Labrie Jordan Szwarz 20 1 2 2
4 Kyle Chipchura Taylor Beck Daniel Zaar 10 1 2 2
5 vs 5 Defense
Defense Defense Time % Phy DF OF
1 Jon Merrill Mark Fraser 40 1 2 2
2 Hampus Lindholm Pavel Valentenko 30 1 2 2
3 Brian Dumoulin Jamie Oleksiak 20 1 2 2
4 Keith Seabrook Marc-André Bourdon 10 1 2 2
PowerPlay Forward
Center Left Wing Right Wing Time % Phy DF OF
1 Tyler Bozak Brandon Prust Ben Hanowski 60 1 2 2
2 Craig Smith Alexandre Burrows Benn Ferriero 40 1 2 2
PowerPlay Defense
Defense Defense Time % Phy DF OF
1 Jon Merrill Mark Fraser 60 1 2 2
2 Hampus Lindholm Pavel Valentenko 40 1 2 2
Penalty Kill 4 Players Forward
Center Wing Time % Phy DF OF
1 Brandon Prust Tyler Bozak 60 1 2 2
2 Alexandre Burrows Craig Smith 40 1 2 2
Penalty Kill 4 Players Defense
Defense Defense Time % Phy DF OF
1 Jon Merrill Mark Fraser 60 1 2 2
2 Hampus Lindholm Pavel Valentenko 40 1 2 2
Penalty Kill - 3 Players Forward
Forward Time % Phy DF OF
1 Brandon Prust 60 1 2 2
2 Tyler Bozak 40 1 2 2
Penalty Kill - 3 Players Defense
Defense Defense Time % Phy DF OF
1 Jon Merrill Mark Fraser 60 1 2 2
2 Hampus Lindholm Pavel Valentenko 40 1 2 2
4 vs 4 Forward
Center Wing Time % Phy DF OF
1 Brandon Prust Tyler Bozak 60 1 2 2
2 Alexandre Burrows Craig Smith 40 1 2 2
4 vs 4 Defense
Defense Defense Time % Phy DF OF
1 Jon Merrill Mark Fraser 60 1 2 2
2 Hampus Lindholm Pavel Valentenko 40 1 2 2
Last Minutes Offensive
Center Left Wing Right Wing Defense Defense
Tyler Bozak Brandon Prust Ben Hanowski Jon Merrill Mark Fraser
Last Minutes Defensive
Center Left Wing Right Wing Defense Defense
Tyler Bozak Brandon Prust Ben Hanowski Jon Merrill Mark Fraser
Goaltenders
Starting : Eddie Lack
Backup : Jean-Francois Berube
Extra Forwards
Normal : Louis Leblanc, Stefan Matteau, Borna Rendulic - PP : Louis Leblanc, Stefan Matteau - PK : Borna Rendulic
Extra Defensemen
Normal : Andrew O'Brien, Brian Dumoulin, Jamie Oleksiak - PP : Andrew O'Brien - PK : Brian Dumoulin, Jamie Oleksiak
Penalty Shots
Brandon Prust, Tyler Bozak, Alexandre Burrows, Craig Smith, Tim Schaller
Scratches
Gemel Smith (Healthy), Christian Thomas (Healthy), Adam Clendening (Healthy), Eric Karlsson (Healthy), Brett Ritchie (Healthy)
Blake Coleman (Healthy), Steve Quailer (Sprained Right Knee Injury), Linus Ullmark (Healthy)
Ice Dragons
5 vs 5 Forward
Center Left Wing Right Wing Time % Phy DF OF
1 Michael Latta Curtis Glencross Troy Brouwer 40 1 2 2
2 Tyler Haskins Petr Vrana Ryan Reaves 30 1 2 2
3 Andrej Nestrasil Logan MacMillan Brandon Kozun 20 1 2 2
4 Michael Chaput Michael Ferland Curtis Glencross 10 1 2 2
5 vs 5 Defense
Defense Defense Time % Phy DF OF
1 Joe Callahan Ian Cole 40 1 2 2
2 Kevin Connauton Justin Faulk 30 1 2 2
3 Michael Stone Samuel Groulx 20 1 2 2
4 Michael Stone Joe Callahan 10 1 2 2
PowerPlay Forward
Center Left Wing Right Wing Time % Phy DF OF
1 Michael Latta Curtis Glencross Troy Brouwer 60 1 2 2
2 Tyler Haskins Petr Vrana Ryan Reaves 40 1 2 2
PowerPlay Defense
Defense Defense Time % Phy DF OF
1 Joe Callahan Ian Cole 60 1 2 2
2 Kevin Connauton Justin Faulk 40 1 2 2
Penalty Kill 4 Players Forward
Center Wing Time % Phy DF OF
1 Curtis Glencross Troy Brouwer 60 1 2 2
2 Michael Latta Petr Vrana 40 1 2 2
Penalty Kill 4 Players Defense
Defense Defense Time % Phy DF OF
1 Joe Callahan Ian Cole 60 1 2 2
2 Kevin Connauton Michael Stone 40 1 2 2
Penalty Kill - 3 Players Forward
Forward Time % Phy DF OF
1 Curtis Glencross 60 1 2 2
2 Troy Brouwer 40 1 2 2
Penalty Kill - 3 Players Defense
Defense Defense Time % Phy DF OF
1 Joe Callahan Ian Cole 60 1 2 2
2 Kevin Connauton Michael Stone 40 1 2 2
4 vs 4 Forward
Center Wing Time % Phy DF OF
1 Curtis Glencross Troy Brouwer 60 1 2 2
2 Michael Latta Petr Vrana 40 1 2 2
4 vs 4 Defense
Defense Defense Time % Phy DF OF
1 Joe Callahan Ian Cole 60 1 2 2
2 Kevin Connauton Michael Stone 40 1 2 2
Last Minutes Offensive
Center Left Wing Right Wing Defense Defense
Michael Latta Curtis Glencross Troy Brouwer Joe Callahan Justin Faulk
Last Minutes Defensive
Center Left Wing Right Wing Defense Defense
Michael Latta Curtis Glencross Troy Brouwer Joe Callahan Ian Cole
Goaltenders
Starting : Anders Nilsson
Backup : Harru Sateri
Extra Forwards
Normal : Andrej Nestrasil, Logan MacMillan, Michael Chaput - PP : Andrej Nestrasil, Logan MacMillan - PK : Michael Chaput
Extra Defensemen
Normal : Justin Faulk, Samuel Groulx, Michael Stone - PP : Michael Stone - PK : Samuel Groulx, Michael Stone
Penalty Shots
Curtis Glencross, Troy Brouwer, Michael Latta, Petr Vrana, Tyler Haskins
Scratches
Theodor Blueger (Healthy), Justin Shugg (Healthy), Chris Wagner (Healthy), Tomas Kudelka (Healthy), Christian Djoos (Healthy)
Oscar Dansk (Healthy)
% Time on Ice - Diables
Lines # - Real PCT - Wanted PCT - Time Play
Normal Forward
1 - 34% - 40% - 15:37
2 - 26% - 30% - 11:59
3 - 25% - 20% - 11:23
4 - 15% - 10% - 6:53
Normal Defense
1 - 38% - 40% - 17:13
2 - 28% - 30% - 12:43
3 - 20% - 20% - 9:21
4 - 14% - 10% - 6:35
PP Forward
1 - 61% - 60% - 4:51
2 - 39% - 40% - 3:03
PP Defense
1 - 65% - 60% - 5:08
2 - 35% - 40% - 2:46
PK Forward
1 - 88% - 60% - 5:30
2 - 12% - 40% - 0:44
PK Defense
1 - 59% - 60% - 3:40
2 - 41% - 40% - 2:34
PK3 Forward
1 - 0% - 60%
2 - 0% - 40%
PK3 Defense
1 - 0% - 60%
2 - 0% - 40%
44 Forward
1 - 73% - 60% - 1:42
2 - 27% - 40% - 0:37
44 Defense
1 - 62% - 60% - 1:26
2 - 38% - 40% - 0:53
Last Minute Offensive - 0:00
Last Minute Defensive - 0:00
Total
Forward - 62:19
Defense - 62:19
|
% Time on Ice - Ice Dragons
Lines # - Real PCT - Wanted PCT - Time Play
Normal Forward
1 - 30% - 40% - 13:41
2 - 32% - 30% - 14:29
3 - 26% - 20% - 11:45
4 - 13% - 10% - 5:57
Normal Defense
1 - 40% - 40% - 18:08
2 - 28% - 30% - 12:55
3 - 26% - 20% - 12:01
4 - 6% - 10% - 2:48
PP Forward
1 - 54% - 60% - 3:21
2 - 46% - 40% - 2:53
PP Defense
1 - 53% - 60% - 3:18
2 - 47% - 40% - 2:56
PK Forward
1 - 75% - 60% - 5:57
2 - 25% - 40% - 1:57
PK Defense
1 - 57% - 60% - 4:30
2 - 43% - 40% - 3:24
PK3 Forward
1 - 0% - 60%
2 - 0% - 40%
PK3 Defense
1 - 0% - 60%
2 - 0% - 40%
44 Forward
1 - 78% - 60% - 1:49
2 - 22% - 40% - 0:30
44 Defense
1 - 56% - 60% - 1:18
2 - 44% - 40% - 1:01
Last Minute Offensive - 0:00
Last Minute Defensive - 0:00
Total
Forward - 62:19
Defense - 62:19
|
Play by Play
1st period
0:01 of 1st period - Tyler Bozak wins face-off versus Michael Latta in neutral zone.
0:36 of 1st period - Slapshot by Petr Vrana.
0:36 of 1st period - Stopped by Eddie Lack without a rebound.
0:37 of 1st period - Andrej Nestrasil wins face-off versus Tim Schaller in Diables zone.
0:40 of 1st period - Snap shot by Andrej Nestrasil.
0:40 of 1st period - Shot Misses the Net.
1:35 of 1st period - Snap shot by Petr Vrana.
1:35 of 1st period - Deflect By Tyler Haskins.
1:35 of 1st period - Shot Blocked by Hampus Lindholm.
1:35 of 1st period - Puck is out of play.
1:36 of 1st period - Tyler Bozak wins face-off versus Michael Latta in Diables zone.
1:43 of 1st period - Snap shot by Curtis Glencross.
1:43 of 1st period - Stopped by Eddie Lack with a rebound.
2:13 of 1st period - Snap shot by Tim Schaller.
2:13 of 1st period - Shot Blocked by Ian Cole.
2:27 of 1st period - Alexandre Burrows is hit by Andrej Nestrasil and loses puck.
3:11 of 1st period - Snap shot by Tyler Bozak.
3:11 of 1st period - Goal by Tyler Bozak - Diables : 1 - Ice Dragons : 0.
3:12 of 1st period - Tyler Bozak wins face-off versus Troy Brouwer in neutral zone.
3:15 of 1st period - Wrist shot by Tyler Bozak.
3:15 of 1st period - Deflect By Ben Hanowski.
3:15 of 1st period - Stopped by Anders Nilsson with a rebound.
3:27 of 1st period - Snap shot by Curtis Glencross.
3:27 of 1st period - Stopped by Eddie Lack with a rebound.
3:37 of 1st period - Ben Hanowski is hit by Ryan Reaves and loses puck.
3:48 of 1st period - Kevin Connauton is hit by Hampus Lindholm and loses puck.
4:01 of 1st period - Wrist shot by Ben Hanowski.
4:01 of 1st period - Stopped by Anders Nilsson with a rebound.
4:03 of 1st period - Wrist shot by Ben Hanowski.
4:03 of 1st period - Shot Misses the Net.
4:05 of 1st period - Slapshot by Jamie Oleksiak.
4:05 of 1st period - Stopped by Anders Nilsson with a rebound.
4:07 of 1st period - Slapshot by Brian Dumoulin.
4:07 of 1st period - Shot Blocked by Tyler Haskins.
4:30 of 1st period - Snap shot by Ben Hanowski.
4:30 of 1st period - Goal by Ben Hanowski - Diables : 2 - Ice Dragons : 0.
4:31 of 1st period - Craig Smith wins face-off versus Michael Latta in neutral zone.
4:40 of 1st period - Wrist shot by Alexandre Burrows.
4:40 of 1st period - Stopped by Anders Nilsson with a rebound.
4:56 of 1st period - Logan MacMillan is hit by Tim Schaller and loses puck.
6:19 of 1st period - Brandon Prust is hit by Tyler Haskins and loses puck.
7:14 of 1st period - Icing by Petr Vrana.
7:15 of 1st period - Tyler Haskins wins face-off versus Tyler Bozak in Ice Dragons zone.
7:33 of 1st period - Icing by Brandon Prust.
7:34 of 1st period - Michael Latta wins face-off versus Tyler Bozak in Diables zone.
7:38 of 1st period - Snap shot by Curtis Glencross.
7:38 of 1st period - Stopped by Eddie Lack without a rebound.
7:39 of 1st period - Craig Smith wins face-off versus Michael Latta in Diables zone.
8:14 of 1st period - Wrist shot by Tyler Bozak.
8:14 of 1st period - Shot Blocked by Logan MacMillan.
8:16 of 1st period - Slapshot by Jon Merrill.
8:16 of 1st period - Stopped by Anders Nilsson without a rebound.
8:17 of 1st period - Michael Latta wins face-off versus Tim Schaller in Ice Dragons zone.
8:49 of 1st period - Off-side.
8:50 of 1st period - Tyler Haskins wins face-off versus Tyler Bozak in neutral zone.
9:05 of 1st period - Wrist shot by Ben Hanowski.
9:05 of 1st period - Shot Misses the Net.
9:17 of 1st period - Wrist shot by Ben Hanowski.
9:17 of 1st period - Shot Misses the Net.
9:19 of 1st period - Slapshot by Mark Fraser.
9:19 of 1st period - Stopped by Anders Nilsson without a rebound.
9:20 of 1st period - Michael Latta wins face-off versus Craig Smith in Ice Dragons zone.
9:31 of 1st period - Wrist shot by Curtis Glencross.
9:31 of 1st period - Goal by Curtis Glencross - Diables : 2 - Ice Dragons : 1.
9:32 of 1st period - Craig Smith wins face-off versus Michael Latta in neutral zone.
9:39 of 1st period - Wrist shot by Benn Ferriero.
9:39 of 1st period - Stopped by Anders Nilsson with a rebound.
9:41 of 1st period - Slapshot by Benn Ferriero.
9:41 of 1st period - Deflect By Craig Smith.
9:41 of 1st period - Stopped by Anders Nilsson with a rebound.
9:43 of 1st period - Wrist shot by Benn Ferriero.
9:43 of 1st period - Deflect By Alexandre Burrows.
9:43 of 1st period - Deflect By Joe Callahan.
9:43 of 1st period - Shot Misses the Net.
9:43 of 1st period - Puck is out of play.
9:44 of 1st period - Craig Smith wins face-off versus Michael Latta in Ice Dragons zone.
9:51 of 1st period - Snap shot by Michael Latta.
9:51 of 1st period - Stopped by Eddie Lack with a rebound.
10:30 of 1st period - Slapshot by Ben Hanowski.
10:30 of 1st period - Stopped by Anders Nilsson with a rebound.
10:32 of 1st period - Slapshot by Hampus Lindholm.
10:32 of 1st period - Stopped by Anders Nilsson with a rebound.
10:34 of 1st period - Slapshot by Brandon Prust.
10:34 of 1st period - Shot Misses the Net.
10:38 of 1st period - Wrist shot by Tyler Bozak.
10:38 of 1st period - Stopped by Anders Nilsson without a rebound.
10:39 of 1st period - Benn Ferriero wins face-off versus Michael Latta in Ice Dragons zone.
10:58 of 1st period - Benn Ferriero is hit by Curtis Glencross.
11:14 of 1st period - Off-side.
11:15 of 1st period - Tyler Bozak wins face-off versus Andrej Nestrasil in neutral zone.
11:40 of 1st period - Jordan Szwarz is hit by Petr Vrana and loses puck.
12:10 of 1st period - Wrist shot by Justin Faulk.
12:10 of 1st period - Stopped by Eddie Lack without a rebound.
12:11 of 1st period - Andrej Nestrasil wins face-off versus Tyler Bozak in Diables zone.
12:14 of 1st period - Slapshot by Andrej Nestrasil.
12:14 of 1st period - Shot Blocked by Mark Fraser.
12:26 of 1st period - Wrist shot by Tyler Bozak.
12:26 of 1st period - Shot Misses the Net.
12:36 of 1st period - Mark Fraser is hit by Michael Latta and loses puck.
12:44 of 1st period - Icing by Jon Merrill.
12:45 of 1st period - Craig Smith wins face-off versus Michael Chaput in Diables zone.
12:59 of 1st period - Snap shot by Curtis Glencross.
12:59 of 1st period - Deflect By Michael Ferland.
12:59 of 1st period - Shot Misses the Net.
12:59 of 1st period - Puck is out of play.
13:00 of 1st period - Michael Latta wins face-off versus Tyler Bozak in Diables zone.
13:05 of 1st period - Slapshot by Michael Latta.
13:05 of 1st period - Goal by Michael Latta - Diables : 2 - Ice Dragons : 2.
13:06 of 1st period - Michael Latta wins face-off versus Tyler Bozak in neutral zone.
13:09 of 1st period - Hampus Lindholm is hit by Curtis Glencross.
13:31 of 1st period - Joe Callahan is hit by Tim Schaller and loses puck.
13:36 of 1st period - Snap shot by Jordan Szwarz.
13:36 of 1st period - Stopped by Anders Nilsson with a rebound.
13:38 of 1st period - Slapshot by Jamie Oleksiak.
13:38 of 1st period - Shot Blocked by Michael Stone.
13:40 of 1st period - Wrist shot by Tim Schaller.
13:40 of 1st period - Shot Blocked by Joe Callahan.
13:42 of 1st period - Snap shot by Jamie Oleksiak.
13:42 of 1st period - Stopped by Anders Nilsson with a rebound.
13:56 of 1st period - Logan MacMillan is hit by Alexandre Burrows.
15:24 of 1st period - Michael Latta is hit by Keith Seabrook and loses puck.
15:29 of 1st period - Snap shot by Taylor Beck.
15:29 of 1st period - Shot Misses the Net.
15:43 of 1st period - Snap shot by Brandon Prust.
15:43 of 1st period - Stopped by Anders Nilsson without a rebound.
15:44 of 1st period - Andrej Nestrasil wins face-off versus Tyler Bozak in Ice Dragons zone.
15:44 of 1st period - Andrej Nestrasil is hit by Tyler Bozak.
15:52 of 1st period - Snap shot by Michael Stone.
15:52 of 1st period - Shot Blocked by Jon Merrill.
15:54 of 1st period - Slapshot by Michael Stone.
15:54 of 1st period - Shot Misses the Net.
16:45 of 1st period - Slapshot by Craig Smith.
16:45 of 1st period - Shot Blocked by Troy Brouwer.
16:47 of 1st period - Snap shot by Alexandre Burrows.
16:47 of 1st period - Goal by Alexandre Burrows - Diables : 3 - Ice Dragons : 2.
16:48 of 1st period - Michael Latta wins face-off versus Tyler Bozak in neutral zone.
17:14 of 1st period - Petr Vrana is hit by Craig Smith.
17:20 of 1st period - Snap shot by Craig Smith.
17:20 of 1st period - Deflect By Alexandre Burrows.
17:20 of 1st period - Shot Misses the Net.
17:20 of 1st period - Puck is out of play.
17:21 of 1st period - Tyler Haskins wins face-off versus Craig Smith in Ice Dragons zone.
17:58 of 1st period - Snap shot by Troy Brouwer.
17:58 of 1st period - Stopped by Eddie Lack without a rebound.
17:59 of 1st period - Tyler Bozak wins face-off versus Michael Latta in Diables zone.
18:12 of 1st period - Wrist shot by Ben Hanowski.
18:12 of 1st period - Stopped by Anders Nilsson without a rebound.
18:13 of 1st period - Michael Latta wins face-off versus Tim Schaller in Ice Dragons zone.
18:45 of 1st period - Ryan Reaves is hit by Brandon Prust and loses puck.
19:23 of 1st period - Michael Stone is hit by Pavel Valentenko.
19:29 of 1st period - Wrist shot by Michael Chaput.
19:29 of 1st period - Shot Misses the Net.
19:38 of 1st period - Minor Penalty to Michael Latta for Interference.
19:39 of 1st period - Tyler Bozak wins face-off versus Curtis Glencross in Ice Dragons zone.
19:39 of 1st period - Snap shot by Brandon Prust.
19:39 of 1st period - Goal by Brandon Prust - Diables : 4 - Ice Dragons : 2.
19:39 of 1st period - Harru Sateri enters game.
19:40 of 1st period - Michael Latta wins face-off versus Tyler Bozak in neutral zone.
Goals for this period are 4 for Diables vs 2 for Ice Dragons.
Shots for this period are 19 for Diables vs 9 for Ice Dragons.
2nd period
0:01 of 2nd period - Michael Latta wins face-off versus Tyler Bozak in neutral zone.
0:04 of 2nd period - Tyler Bozak is hit by Troy Brouwer and loses puck.
0:25 of 2nd period - Tyler Bozak is hit by Brandon Kozun and loses puck.
0:50 of 2nd period - Logan MacMillan is hit by Jamie Oleksiak and loses puck.
0:57 of 2nd period - Backhand shot by Ben Hanowski.
0:57 of 2nd period - Shot Blocked by Ian Cole.
1:07 of 2nd period - Wrist shot by Tyler Bozak.
1:07 of 2nd period - Stopped by Harru Sateri with a rebound.
1:09 of 2nd period - Snap shot by Tyler Bozak.
1:09 of 2nd period - Deflect By Ben Hanowski.
1:09 of 2nd period - Goal by Ben Hanowski - Diables : 5 - Ice Dragons : 2.
1:10 of 2nd period - Craig Smith wins face-off versus Michael Latta in neutral zone.
1:36 of 2nd period - Kevin Connauton is hit by Tim Schaller and loses puck.
2:11 of 2nd period - Wrist shot by Tim Schaller.
2:11 of 2nd period - Stopped by Harru Sateri without a rebound.
2:12 of 2nd period - Andrej Nestrasil wins face-off versus Benn Ferriero in Ice Dragons zone.
2:37 of 2nd period - Snap shot by Troy Brouwer.
2:37 of 2nd period - Stopped by Eddie Lack without a rebound.
2:38 of 2nd period - Michael Latta wins face-off versus Tyler Bozak in Diables zone.
2:43 of 2nd period - Backhand shot by Michael Latta.
2:43 of 2nd period - Stopped by Eddie Lack with a rebound.
2:49 of 2nd period - Wrist shot by Ben Hanowski.
2:49 of 2nd period - Stopped by Harru Sateri with a rebound.
3:09 of 2nd period - Slapshot by Benn Ferriero.
3:09 of 2nd period - Shot Misses the Net.
3:11 of 2nd period - Slapshot by Benn Ferriero.
3:11 of 2nd period - Shot Blocked by Ryan Reaves.
3:24 of 2nd period - Off-side.
3:25 of 2nd period - Brandon Kozun wins face-off versus Tim Schaller in neutral zone.
3:38 of 2nd period - Kevin Connauton is hit by Jon Merrill and loses puck.
3:45 of 2nd period - Snap shot by Jordan Szwarz.
3:45 of 2nd period - Stopped by Harru Sateri without a rebound.
3:46 of 2nd period - Michael Latta wins face-off versus Craig Smith in Ice Dragons zone.
3:53 of 2nd period - Snap shot by Curtis Glencross.
3:53 of 2nd period - Goal by Curtis Glencross - Diables : 5 - Ice Dragons : 3.
3:54 of 2nd period - Michael Latta wins face-off versus Tyler Bozak in neutral zone.
3:56 of 2nd period - Ian Cole is hit by Mark Fraser and loses puck.
4:01 of 2nd period - Wrist shot by Curtis Glencross.
4:01 of 2nd period - Shot Misses the Net.
4:05 of 2nd period - Snap shot by Curtis Glencross.
4:05 of 2nd period - Shot Blocked by Mark Fraser.
4:07 of 2nd period - Slapshot by Ian Cole.
4:07 of 2nd period - Shot Blocked by Mark Fraser.
4:09 of 2nd period - Snap shot by Troy Brouwer.
4:09 of 2nd period - Goal by Troy Brouwer - Diables : 5 - Ice Dragons : 4.
4:10 of 2nd period - Craig Smith wins face-off versus Michael Latta in neutral zone.
4:12 of 2nd period - Minor Penalty to Mark Fraser for High sticking.
4:13 of 2nd period - Brandon Prust wins face-off versus Michael Latta in Diables zone.
4:13 of 2nd period - Brandon Prust is hit by Ian Cole.
6:12 of 2nd period - Penalty to Mark Fraser is over, Mark Fraser is back on ice.
6:25 of 2nd period - Minor Penalty to Jamie Oleksiak for Tripping.
6:26 of 2nd period - Michael Latta wins face-off versus Tyler Bozak in Diables zone.
8:13 of 2nd period - Craig Smith is hit by Andrej Nestrasil and loses puck.
8:25 of 2nd period - Penalty to Jamie Oleksiak is over, Jamie Oleksiak is back on ice.
9:52 of 2nd period - Slapshot by Jon Merrill.
9:52 of 2nd period - Shot Misses the Net.
10:30 of 2nd period - Pavel Valentenko is hit by Tyler Haskins and loses puck.
10:57 of 2nd period - Snap shot by Taylor Beck.
10:57 of 2nd period - Stopped by Harru Sateri with a rebound.
11:42 of 2nd period - Jordan Szwarz is hit by Curtis Glencross and loses puck.
13:17 of 2nd period - Backhand shot by Craig Smith.
13:17 of 2nd period - Stopped by Harru Sateri without a rebound.
13:18 of 2nd period - Craig Smith wins face-off versus Andrej Nestrasil in Ice Dragons zone.
13:31 of 2nd period - Snap shot by Craig Smith.
13:31 of 2nd period - Stopped by Harru Sateri without a rebound.
13:32 of 2nd period - Tyler Bozak wins face-off versus Michael Latta in Ice Dragons zone.
13:41 of 2nd period - Wrist shot by Tyler Bozak.
13:41 of 2nd period - Stopped by Harru Sateri without a rebound.
13:42 of 2nd period - Michael Latta wins face-off versus Brandon Prust in Ice Dragons zone.
13:42 of 2nd period - Michael Latta is hit by Mark Fraser.
14:03 of 2nd period - Minor Penalty to Brandon Prust for Interference.
14:04 of 2nd period - Michael Latta wins face-off versus Borna Rendulic in Diables zone.
14:20 of 2nd period - Snap shot by Michael Latta.
14:20 of 2nd period - Goal by Michael Latta - Diables : 5 - Ice Dragons : 5.
14:21 of 2nd period - Michael Latta wins face-off versus Tyler Bozak in neutral zone.
14:47 of 2nd period - Double Minor Penalty to Tyler Haskins for Slashing.
14:48 of 2nd period - Tyler Bozak wins face-off versus Curtis Glencross in Ice Dragons zone.
15:13 of 2nd period - Joe Callahan is hit by Craig Smith and loses puck.
15:22 of 2nd period - Slapshot by Hampus Lindholm.
15:22 of 2nd period - Stopped by Harru Sateri with a rebound.
15:39 of 2nd period - Off-side.
15:40 of 2nd period - Michael Chaput wins face-off versus Tyler Bozak in neutral zone.
15:45 of 2nd period - Wrist shot by Ben Hanowski.
15:45 of 2nd period - Shot Blocked by Michael Chaput.
16:13 of 2nd period - Off-side.
16:14 of 2nd period - Michael Latta wins face-off versus Tyler Bozak in neutral zone.
18:47 of 2nd period - Penalty to Tyler Haskins is over, Tyler Haskins is back on ice.
18:50 of 2nd period - Michael Ferland is hit by Pavel Valentenko and loses puck.
19:40 of 2nd period - Minor Penalty to Brandon Kozun for Roughing.
19:41 of 2nd period - Tyler Bozak wins face-off versus Curtis Glencross in Ice Dragons zone.
19:46 of 2nd period - Snap shot by Brandon Prust.
19:46 of 2nd period - Shot Misses the Net.
Goals for this period are 1 for Diables vs 3 for Ice Dragons.
Shots for this period are 10 for Diables vs 5 for Ice Dragons.
3rd period
0:01 of 3rd period - Curtis Glencross wins face-off versus Tyler Bozak in neutral zone.
0:09 of 3rd period - Icing by Mark Fraser.
0:10 of 3rd period - Tyler Bozak wins face-off versus Curtis Glencross in Diables zone.
0:10 of 3rd period - Tyler Bozak is hit by Troy Brouwer.
1:20 of 3rd period - Wrist shot by Michael Chaput.
1:20 of 3rd period - Deflect By Tyler Bozak.
1:20 of 3rd period - Goal by Michael Chaput - Diables : 5 - Ice Dragons : 6.
1:21 of 3rd period - Craig Smith wins face-off versus Curtis Glencross in neutral zone.
1:33 of 3rd period - Wrist shot by Pavel Valentenko.
1:33 of 3rd period - Shot Blocked by Joe Callahan.
1:35 of 3rd period - Snap shot by Alexandre Burrows.
1:35 of 3rd period - Deflect By Craig Smith.
1:35 of 3rd period - Goal by Craig Smith - Diables : 6 - Ice Dragons : 6.
1:36 of 3rd period - Michael Latta wins face-off versus Craig Smith in neutral zone.
1:43 of 3rd period - Snap shot by Troy Brouwer.
1:43 of 3rd period - Shot Blocked by Mark Fraser.
3:47 of 3rd period - Wrist shot by Brandon Kozun.
3:47 of 3rd period - Stopped by Eddie Lack with a rebound.
3:49 of 3rd period - Slapshot by Michael Stone.
3:49 of 3rd period - Shot Blocked by Hampus Lindholm.
3:53 of 3rd period - Snap shot by Ryan Reaves.
3:53 of 3rd period - Stopped by Eddie Lack without a rebound.
3:54 of 3rd period - Tyler Haskins wins face-off versus Craig Smith in Diables zone.
4:07 of 3rd period - Snap shot by Craig Smith.
4:07 of 3rd period - Stopped by Harru Sateri without a rebound.
4:08 of 3rd period - Michael Latta wins face-off versus Brandon Prust in Ice Dragons zone.
4:21 of 3rd period - Snap shot by Brandon Prust.
4:21 of 3rd period - Stopped by Harru Sateri without a rebound.
4:22 of 3rd period - Michael Latta wins face-off versus Craig Smith in Ice Dragons zone.
4:22 of 3rd period - Michael Latta is hit by Mark Fraser.
4:42 of 3rd period - Michael Latta is hit by Mark Fraser and loses puck.
6:12 of 3rd period - Snap shot by Curtis Glencross.
6:12 of 3rd period - Shot Misses the Net.
6:49 of 3rd period - Wrist shot by Alexandre Burrows.
6:49 of 3rd period - Shot Misses the Net.
7:22 of 3rd period - Snap shot by Jordan Szwarz.
7:22 of 3rd period - Shot Blocked by Samuel Groulx.
7:41 of 3rd period - Minor Penalty to Tyler Bozak for Holding.
7:42 of 3rd period - Tyler Haskins wins face-off versus Borna Rendulic in Diables zone.
7:42 of 3rd period - Slapshot by Justin Faulk.
7:42 of 3rd period - Shot Misses the Net.
7:56 of 3rd period - Slapshot by Jon Merrill.
7:56 of 3rd period - Shot Blocked by Petr Vrana.
8:08 of 3rd period - Curtis Glencross is hit by Brandon Prust.
9:41 of 3rd period - Penalty to Tyler Bozak is over, Tyler Bozak is back on ice.
9:47 of 3rd period - Pavel Valentenko is hit by Brandon Kozun and loses puck.
10:14 of 3rd period - Michael Stone is hit by Tim Schaller and loses puck.
12:08 of 3rd period - Icing by Tim Schaller.
12:09 of 3rd period - Tyler Bozak wins face-off versus Andrej Nestrasil in Diables zone.
12:17 of 3rd period - Off-side.
12:18 of 3rd period - Craig Smith wins face-off versus Michael Chaput in neutral zone.
12:33 of 3rd period - Slapshot by Hampus Lindholm.
12:33 of 3rd period - Shot Misses the Net.
12:39 of 3rd period - Minor Penalty to Justin Faulk for Holding Stick.
12:40 of 3rd period - Curtis Glencross wins face-off versus Tyler Bozak in Ice Dragons zone.
14:26 of 3rd period - Alexandre Burrows is hit by Troy Brouwer and loses puck.
14:35 of 3rd period - Curtis Glencross is hit by Mark Fraser and loses puck.
14:39 of 3rd period - Penalty to Justin Faulk is over, Justin Faulk is back on ice.
15:16 of 3rd period - Snap shot by Tyler Haskins.
15:16 of 3rd period - Shot Misses the Net.
16:10 of 3rd period - Justin Faulk is hit by Pierre-Cédric Labrie.
16:30 of 3rd period - Wrist shot by Taylor Beck.
16:30 of 3rd period - Stopped by Harru Sateri with a rebound.
16:40 of 3rd period - Slapshot by Taylor Beck.
16:40 of 3rd period - Shot Blocked by Kevin Connauton.
18:07 of 3rd period - Tyler Bozak is hit by Joe Callahan and loses puck.
18:54 of 3rd period - Wrist shot by Tim Schaller.
18:54 of 3rd period - Shot Misses the Net.
18:56 of 3rd period - Slapshot by Hampus Lindholm.
18:56 of 3rd period - Shot Misses the Net.
18:58 of 3rd period - Slapshot by Hampus Lindholm.
18:58 of 3rd period - Deflect By Tim Schaller.
18:58 of 3rd period - Stopped by Harru Sateri with a rebound.
19:00 of 3rd period - Slapshot by Jordan Szwarz.
19:00 of 3rd period - Shot Misses the Net.
19:26 of 3rd period - Jon Merrill is hit by Michael Latta and loses puck.
19:27 of 3rd period - Jon Merrill from Diables is injured at 19:27 of 3rd period (Bruised Right Shoulder).
19:28 of 3rd period - Michael Chaput wins face-off versus Tim Schaller in Diables zone.
19:34 of 3rd period - Icing by Jordan Szwarz.
19:35 of 3rd period - Michael Chaput wins face-off versus Tim Schaller in Diables zone.
Goals for this period are 1 for Diables vs 1 for Ice Dragons.
Shots for this period are 5 for Diables vs 3 for Ice Dragons.
Overtime #1
0:01 of 1st overtime period - Brandon Prust wins face-off versus Curtis Glencross in neutral zone.
0:10 of 1st overtime period - Wrist shot by Tyler Bozak.
0:10 of 1st overtime period - Stopped by Harru Sateri without a rebound.
0:11 of 1st overtime period - Troy Brouwer wins face-off versus Brandon Prust in Ice Dragons zone.
0:16 of 1st overtime period - Slapshot by Joe Callahan.
0:16 of 1st overtime period - Stopped by Eddie Lack without a rebound.
0:17 of 1st overtime period - Brandon Prust wins face-off versus Curtis Glencross in Diables zone.
1:01 of 1st overtime period - Snap shot by Kevin Connauton.
1:01 of 1st overtime period - Stopped by Eddie Lack with a rebound.
1:09 of 1st overtime period - Slapshot by Pavel Valentenko.
1:09 of 1st overtime period - Shot Blocked by Petr Vrana.
1:11 of 1st overtime period - Snap shot by Pavel Valentenko.
1:11 of 1st overtime period - Stopped by Harru Sateri without a rebound.
1:12 of 1st overtime period - Brandon Prust wins face-off versus Curtis Glencross in Ice Dragons zone.
1:39 of 1st overtime period - Snap shot by Alexandre Burrows.
1:39 of 1st overtime period - Stopped by Harru Sateri with a rebound.
1:47 of 1st overtime period - Snap shot by Craig Smith.
1:47 of 1st overtime period - Stopped by Harru Sateri with a rebound.
2:19 of 1st overtime period - Snap shot by Michael Latta.
2:19 of 1st overtime period - Goal by Michael Latta - Diables : 6 - Ice Dragons : 7.
Goals for this period are 0 for Diables vs 1 for Ice Dragons.
Shots for this period are 4 for Diables vs 3 for Ice Dragons.
Back to the Top